 Dungeon Crawl Stone Soup version 0.27.1-37-g7b29ead8ac (console) character file.

Game seed: 16457516143078788398

263 grimtooth the Sneak (level 6, -2/32 HPs)
             Began as a Kobold Enchanter on July 3, 2023.
             Slain by a scorpion (9 damage)
             ... on level 4 of the Dungeon.
             The game lasted 00:18:08 (7184 turns).

grimtooth the Sneak (Kobold Enchanter)              Turns: 7184, Time: 00:18:09

Health: -2/32      AC:  3    Str:  6    XL:     6   Next: 42%
Magic:  1/9        EV: 15    Int: 18    God:
Gold:   47         SH:  0    Dex: 15    Spells: 3/9 levels left

rFire    . . .     SeeInvis .   b - +2 short sword (speed)
rCold    . . .     Faith    .   (shield restricted)
rNeg     . . .     Spirit   .   o - +0 robe
rPois    .         Reflect  .   k - +0 helmet
rElec    .         Harm     .   (no cloak)
rCorr    .         Rampage  .   (no gloves)
Will     .....                  (no boots)
Stlth    ++++......             (no amulet)
HPRegen  0.10/turn              (no ring)
MPRegen  0.11/turn              (no ring)

@: lethally poisoned (-2 -> -3)
A: small, no large weapons, nightstalker 3
a: no special abilities


You were on level 4 of the Dungeon.
You visited 1 branch of the dungeon, and saw 4 of its levels.

You collected 47 gold pieces.

Inventory:

Hand Weapons
 a - a +1 dagger of holy wrath
 b - a +2 short sword of speed (weapon)
 g - a +1 dagger
Missiles
 d - 44 stones
Armour
 k - a +0 helmet (worn)
 o - a +0 robe (worn)
 t - the +1 chain mail "Wujegux" {+Blink rF+ rC+}
   (You found it on level 4 of the Dungeon)

   rF:        It protects you from fire.
   rC:        It protects you from cold.
   +Blink:    It lets you blink.
Scrolls
 e - a scroll of blinking {unknown}
 f - a scroll of teleportation {unknown}
 h - a scroll of noise
 l - a scroll of fog {unknown}
 r - a scroll of amnesia {unknown}
Potions
 c - a potion of might {unknown}
 i - a potion of berserk rage {unknown}
 j - a potion of heal wounds {unknown}
 m - a potion of flight {unknown}
 n - a potion of attraction {unknown}
 p - a potion of invisibility {unknown}
 q - 2 potions of curing {unknown}
 s - a potion of haste {unknown}


   Skills:
 - Level 1.3 Short Blades
 - Level 2.4 Dodging
 + Level 6.2 Stealth
 - Level 2.1 Spellcasting
 * Level 5.8 Hexes


You had 3 spell levels left.
You knew the following spells:

 Your Spells              Type           Power      Damage    Failure   Level
a - Corona                Hex            25%        N/A       1%          1
b - Ensorcelled Hibernat  Hex/Ice        24%        N/A       9%          2
z - Confusing Touch       Hex            23%        N/A       4%          3

Your spell library contained the following spells:

 Spells                   Type           Power      Damage    Failure   Level
 Tukima's Dance           Hex            23%        N/A       4%          3
 Dazzling Flash           Conj/Hex       24%        N/A       16%         3
 Freeze                   Ice            4%         1d3       19%         1
 Frozen Ramparts          Ice            2%         1d2       47%         3
 Gell's Gravitas          Tloc           0%         N/A       47%         3
 Lesser Beckoning         Tloc           0%         N/A       47%         3
 Teleport Other           Tloc           1%         N/A       47%         3
 Yara's Violent Unravell  Hex/Tmut       6%         3d5       83%         5
 Hailstorm                Conj/Ice       1%         3d3       87%         4
 Passage of Golubria      Tloc           N/A        N/A       87%         4


Dungeon Overview and Level Annotations

Branches:
Dungeon (4/15)
 Temple: D:4-7

Altars:

Shops:
D:1 *   D:2 *

Annotations:
D:2 Terence
D:3 3 runed translucent doors, fly, reversiblehash's ghost, amateur DsFi
D:4 Natasha


Innate Abilities, Weirdness & Mutations

You are small and have problems with some larger weapons.
You are completely attuned to the shadows.


Message History

Press: ? - help, Shift-Dir - straight line, f/p - scorpion
Aim: a scorpion (chance to affect: 43%)
The scorpion resists with some effort.
The scorpion stings you.
You are poisoned.
The scorpion poisons you!
Casting: Ensorcelled Hibernation (safe; 9% risk of failure)
Confirm with . or Enter, or press ? or * to list all spells.
Aiming: Ensorcelled Hibernation (safe; 9% risk of failure)
Press: ? - help, Shift-Dir - straight line, f/p - scorpion
Aim: a scorpion (chance to affect: 43%)
The scorpion resists with some effort.
You feel very sick. The scorpion stings you.
Casting: Ensorcelled Hibernation (safe; 9% risk of failure)
Confirm with . or Enter, or press ? or * to list all spells.
Aiming: Ensorcelled Hibernation (safe; 9% risk of failure)
Press: ? - help, Shift-Dir - straight line, f/p - scorpion
Aim: a scorpion (chance to affect: 43%)
The scorpion resists with some effort.
You feel very sick. The scorpion closely misses you.
Your +1 dagger of holy wrath stops glowing.
Your hands tingle!
b - a +2 short sword of speed (weapon)
The scorpion closely misses you.
You completely miss the scorpion.
You feel sick.
Casting: Ensorcelled Hibernation (safe; 9% risk of failure)
Confirm with . or Enter, or press ? or * to list all spells.
Aiming: Corona (safe; 1% risk of failure)
Press: ? - help, Shift-Dir - straight line, f/p - scorpion
Aim: a scorpion (chance to affect: 62%)
The scorpion is outlined in light.
You feel sick. The scorpion misses you. x2
You barely miss the scorpion.
You feel sick.
You hit the scorpion.
The scorpion is lightly wounded.
The scorpion closely misses you.
You hit the scorpion but do no damage.
You feel sick. The scorpion stings you.
* * * LOW HITPOINT WARNING * * *
You hit the scorpion but do no damage.
You feel sick. The scorpion stings you!
You die...

###########
..........##############
....).)).)......@s†..r..
##########)####.........
#....# #......... #....#
#........< #.....
####.##### #...#.. ####
.h#


You could see a scorpion (corona).

Vanquished Creatures
  A necrophage (D:3)
  Robin (D:2)
  3 adders
  2 worms
  2 dart slugs
  5 orcs (D:4)
  A bat skeleton (D:2)
  9 endoplasms
  4 giant cockroaches
  19 goblins
  12 hobgoblins
  12 jackals
  6 kobolds
  3 quokkas
  7 ball pythons
  9 bats
  2 frilled lizards
  8 rats
106 creatures vanquished.

Vanquished Creatures (others)
  2 fungi (D:3)
  A plant (D:3)
3 creatures vanquished.

Grand Total: 109 creatures vanquished

Notes
Turn   | Place    | Note
-------+----------+-------------------------------------------
     0 | D:1      | grimtooth the Kobold Enchanter began the quest for the Orb.
     0 | D:1      | Reached XP level 1. HP: 10/10 MP: 3/3
   357 | D:1      | Reached XP level 2. HP: 11/15 MP: 5/5
  1201 | D:1      | Reached XP level 3. HP: 12/19 MP: 4/6
  1495 | D:1      | Found Alunea's General Store.
  3057 | D:2      | Found Ofofeogg's Assorted Antiques.
  3117 | D:2      | Noticed Terence
  3221 | D:2      | Reached XP level 4. HP: 11/24 MP: 7/7
  3527 | D:2      | Reached skill level 5 in Stealth
  3743 | D:1      | Learned a level 3 spell: Confusing Touch
  3746 | D:1      | Learned a level 2 spell: Ensorcelled Hibernation
  3812 | D:2      | Noticed Robin
  4245 | D:2      | Killed Robin
  4902 | D:2      | Reached XP level 5. HP: 15/28 MP: 1/8
  5977 | D:3      | Noticed a necrophage
  5988 | D:3      | Killed a necrophage
  5989 | D:3      | Reached skill level 6 in Stealth
  5989 | D:3      | Reached skill level 5 in Hexes
  5989 | D:3      | Reached XP level 6. HP: 32/32 MP: 9/9
  6082 | D:3      | Noticed an ice beast
  6205 | D:3      | Found a runed translucent gate.
  6211 | D:3      | Found a runed translucent gate.
  6212 | D:3      | Found a runed translucent gate.
  6224 | D:3      | Noticed reversiblehash's ghost (amateur DsFi)
  6480 | D:3      | Found a faded altar of an unknown god.
  7009 | D:4      | Identified the +1 chain mail "Wujegux" {+Blink rF+ rC+}
  7051 | D:4      | Noticed Natasha
  7184 | D:4      | Slain by a scorpion

Illustrated notes

Levels and vault maps discovered:
D:1:      wheals_arrival_linesprint, layout_basic, serial_shops, shop
D:2:      layout_loops_ring, serial_shops, nicolae_shop_statue_plus,
          minmay_divided_ellipse, uniq_robin, uniq_terence
D:3:      layout_basic, shapermc_ecumenical_altar_mp_urbaneastern,
          gammafunk_ghost_split, minmay_goblin_outpost
D:4:      layout_basic, saegor_snake_ambush, uniq_natasha

Skill      XL: |  1  2  3  4  5 |
---------------+----------------+-----
Hexes          | 4 5 |  5.8
Stealth        | 5 6 |  6.2
Short Blades   | |  1.3
Dodging        | |  2.4
Spellcasting   | |  2.1

Action                   |  1- 3 |  4- 6 || total
-------------------------+-------+-------++-------
Melee: Dagger            |   116 |   174 ||   290
       Short sword       |       |    54 ||    54
 Cast: Corona            |    17 |    42 ||    59
       Ensorcelled Hiber |       |    23 ||    23
  Use: Scroll            |       |     1 ||     1
 Stab: Sleeping          |    20 |    27 ||    47
       Distracted        |       |     1 ||     1
Armor: Robe              |     6 |    43 ||    49
Dodge: Dodged            |    53 |   220 ||   273
